 Dungeon Crawl Stone Soup version 0.18-a0-1737-gd6c99dd (webtiles) character file.

67072 Oooooo the Warrior (level 14, -1/135 HPs)
             Began as a Minotaur Fighter on Apr 11, 2016.
             Was the Champion of Okawaru.
             Killed from afar by a deep elf mage (23 damage)
             ... with a stone arrow
             ... on level 13 of the Dungeon.
             The game lasted 01:00:41 (25591 turns).

Oooooo the Warrior (Minotaur Fighter)              Turns: 25591, Time: 01:00:41

Health: -1/135     AC: 25    Str: 25    XL:     14   Next: 81%
Magic:  22/22      EV: 12    Int: 10    God:    Okawaru [******]
Gold:   1061       SH:  0    Dex: 15    Spells: 1 memorised, 23 levels left

rFire  + . .     SeeInvis +     R - +3 broad axe (flame)
rCold  . . .     Gourm    .     u - +4 plate armour
rNeg   + . .     Faith    .     (no shield)
rPois  +         Spirit   .     V - +2 hat {SInv}
rElec  +         Dismiss  .     (no cloak)
rCorr  .         Reflect  .     G - +0 pair of gloves of Card Tricks {rElec Dex+3}
SustAt .         Harm     .     W - +1 pair of boots "Kuysaigg" {rPois Int+4}
MR     +....                    s - amulet of rage
Stlth  ..........               t - ring of protection from fire
                                l - ring of positive energy

@: somewhat resistant to hostile enchantments, extremely unstealthy
A: retaliatory headbutt, horns 2, talons 1, agile 1
a: Heroism, Finesse, Renounce Religion, Evoke Berserk Rage


You were on level 13 of the Dungeon.
You worshipped Okawaru.
Okawaru was exalted by your worship.
You were not hungry.

You visited 3 branches of the dungeon, and saw 22 of its levels.
You also visited: Ice Cave.

You collected 1262 gold pieces.
You spent 201 gold pieces at shops.

Inventory:

Hand Weapons
 R - a +3 broad axe of flaming (weapon)
Armour
 d - a +1 shield of reflection
 e - the +1 cloak "Hifiug" {-Tele Int+5 Slay+2, unknown}
   (You found it on level 13 of the Dungeon)

   It affects your intelligence (+5).
   It affects your accuracy and damage with ranged weapons and melee attacks
   (+2).
   It prevents most forms of teleportation.
 u - a +4 plate armour (worn)
 G - the +0 pair of gloves of Card Tricks (worn) {rElec Dex+3}
   (You bought it in a shop on level 7 of the Dungeon)

   It affects your dexterity (+3).
   It insulates you from electricity.
 V - a +2 hat of see invisible (worn)
 W - the +1 pair of boots "Kuysaigg" (worn) {rPois Int+4}
   (Okawaru gifted it to you on level 7 of the Lair of Beasts)

   It affects your intelligence (+4).
   It protects you from poison.
Jewellery
 l - a ring of positive energy (left hand)
 s - an amulet of rage (around neck)
 t - a ring of protection from fire (right hand)
Wands
 w - a wand of acid (15/15)
 A - a wand of digging (17/24)
 D - a wand of iceblast (6/15)
 Q - a wand of paralysis (13/24)
Scrolls
 g - 4 scrolls of teleportation
 o - 2 scrolls of magic mapping
 q - 10 scrolls of remove curse
 y - 3 scrolls of blinking
 C - 3 scrolls of fear
Potions
 b - 8 potions of curing
 c - a potion of ambrosia
 x - 5 potions of resistance
 K - a potion of berserk rage {unknown}
 N - 7 potions of flight
 Y - a potion of brilliance {unknown}
Miscellaneous
 P - a lamp of fire
Comestibles
 a - 7 chunks of flesh
 f - 14 bread rations
 j - 10 meat rations
 F - 10 slices of pizza


   Skills:
 * Level 15.5 Fighting
 * Level 14.5 Axes
 + Level 11.4 Armour
 + Level 9.7 Dodging
 + Level 11.5 Shields
 + Level 6.4 Spellcasting
 - Level 5.0 Invocations
 - Level 5.0 Evocations


You had 23 spell levels left.
You knew the following spells:

 Your Spells              Type           Power        Failure   Level  Hunger
a - Passwall              Trmt/Erth      #.........   100%        2    ##.....


Dungeon Overview and Level Annotations

Branches:
Dungeon (13/15)            Temple (1/1) D:4            Lair (8/8) D:11
  Swamp (0/4) Lair:4       Spider (0/4) Lair:6        Slime (0/6) Lair:7
    Orc (0/2) D:10
 Vaults: D:13-14

Altars:
Ashenzari
Cheibriados
Dithmenos
Elyvilon
Fedhas
Gozag
Kikubaaqudgha
Makhleb
Nemelex Xobeh
Okawaru
Pakellas
Qazlal
Ru
Sif Muna
Trog
Vehumet
Xom
Yredelemnul
Zin
The Shining One
Jiyva

Shops:
D:4 !!   D:7 *![[

Annotations:
D:4 exclusion: oklob plant
D:8 4 runed doors
D:13 Azrael


Innate Abilities, Weirdness & Mutations

You reflexively headbutt those who attack you in melee.
You have a pair of horns on your head.
You have sharp toenails.
You are agile. (Dex +2)


Message History

A deep elf mage is nearby!
A deep elf mage is nearby!
The deep elf mage shouts!
The deep elf mage gestures at you while chanting.
The stone arrow misses you.
The deep elf mage casts a spell.
You see here an arrow.
You hit the earth elemental but do no damage.
The deep elf mage gestures at you while chanting.
The stone arrow hits you!
* * * LOW HITPOINT WARNING * * *
The earth elemental misses you. You furiously retaliate!
You headbutt the earth elemental!!
You are too injured to fight recklessly!
You are too injured to fight recklessly!
You are too injured to fight recklessly!
Unknown command.
The deep elf mage casts a spell at you. The stone arrow hits you!
You die...

#.. ..# #..
....# .. #....#
#.## #....##..#
#.....#..## #
#....##..###....
#....#Ee.E.....
#.....@########
##.).(## ##..##
#.## #.# ...
..... .......
.........


You could see 2 earth elementals and a deep elf mage.

Vanquished Creatures
  A frost giant (IceCv)
  5 dire elephants (Lair:8)
  Snorg (Lair:8)
  Josephine (Lair:6)
  4 hydras
  Harold (D:12)
  An anaconda (Lair:8)
  A centaur warrior (D:13)
  2 unseen horrors
  4 hill giants
  2 griffons
  3 cyclopes
  An ugly thing (D:13)
  A manticore (D:12)
  An ice statue (IceCv)
  6 black mambas
  13 elephants
  17 spiny frogs
  A torpor snail (Lair:5)
  2 rime drakes
  A kobold demonologist (D:13)
  An efreet (D:13)
  11 komodo dragons
  6 trolls
  A troll (shapeshifter) (D:12)
  A two-headed ogre (D:11)
  15 polar bears
  Grinder (D:4)
  A boulder beetle (Lair:8)
  9 blink frogs (Lair:8)
  3 humans (D:7)
  3 wyverns
  6 wraiths
  2 fire elementals (D:13)
  43 yaks
  9 basilisks
  13 hippogriffs
  3 wargs (D:11)
  15 water moccasins
  10 porcupines
  7 orc warriors
  2 phantoms
  A hell hound (D:13)
  11 ice beasts
  A necrophage (D:10)
  2 sky beasts (D:11)
  2 black bears
  2 wasps (D:9)
  14 wolves
  15 centaurs
  5 ogres
  15 crocodiles
  Blork the orc (D:4)
  6 big kobolds
  The ghost of MrRokkomies the Ducker, an amateur SpAK of Lugonu (D:3)
  22 giant frogs
  2 gnoll sergeants (D:10)
  7 scorpions
  A wyvern skeleton (D:13)
  4 killer bees (D:13)
  3 electric eels (Lair:4)
  5 wights (D:8)
  5 howler monkeys
  3 crimson imps
  2 giant frog zombies
  2 centaur zombies (D:12)
  3 quasits
  3 hounds
  3 giant frog skeletons
  A centaur skeleton (D:9)
  5 orc priests
  3 jellies
  A wasp zombie (D:11)
  10 iguanas
  8 orc wizards
  6 worker ants
  19 sheep
  A hound zombie (D:9)
  A howler monkey zombie (D:7)
  A worker ant zombie (D:11)
  7 gnolls
  13 adders
  79 river rats
  A shadow imp (D:13)
  4 oozes
  4 adder skeletons
  2 adder zombies
  2 worms
  A dart slug (D:1)
  6 giant geckos
  36 orcs
  A ball python (D:3)
  6 giant cockroaches
  4 goblins
  3 hobgoblins
  11 jackals
  2 quokkas
  5 bats
  A giant gecko zombie (D:6)
  4 giant newts
  2 jackal skeletons
  7 kobolds
  3 quokka skeletons
  8 rats
  7 fungi
  8 plants
655 creatures vanquished.

Vanquished Creatures (others)
  An ugly thing (D:11)
  A centaur skeleton (D:13)
  A centaur (D:11)
  A lightning spire (D:5)
  A bush (D:5)
  3 fungi
  10 plants
  17 toadstools (D:4)
35 creatures vanquished.

Grand Total: 690 creatures vanquished

Notes
Turn   | Place    | Note
--------------------------------------------------------------
     0 | D:1      | Oooooo the Minotaur Fighter began the quest for the Orb.
     0 | D:1      | Reached XP level 1. HP: 19/19 MP: 0/0
   257 | D:1      | Reached XP level 2. HP: 19/27 MP: 1/1
   693 | D:1      | Reached skill level 1 in Dodging
   903 | D:1      | Reached XP level 3. HP: 33/33 MP: 2/2
  1237 | D:2      | Reached skill level 4 in Fighting
  1578 | D:2      | Found a bloodstained altar of Trog.
  1693 | D:3      | Reached XP level 4. HP: 40/40 MP: 3/3
  1786 | D:3      | Noticed MrRokkomies's ghost (amateur SpAK)
  1822 | D:3      | Killed MrRokkomies's ghost
  1822 | D:3      | Reached skill level 1 in Spellcasting
  1822 | D:3      | Reached XP level 5. HP: 29/47 MP: 3/5
  2492 | D:4      | Noticed Blork the orc
  2502 | D:4      | Killed Blork the orc
  2502 | D:4      | Reached skill level 5 in Fighting
  2502 | D:4      | Reached XP level 6. HP: 48/56 MP: 6/6
  2556 | D:4      | Found Faidwa's Distillery.
  2564 | D:4      | Found Ostropnu's Distillery.
  2572 | D:4      | Bought a potion of degeneration for 11 gold pieces
  2603 | D:4      | Found a radiant altar of Vehumet.
  2657 | D:4      | Found a blossoming altar of Fedhas.
  2668 | D:4      | Noticed an oklob plant
  2721 | D:4      | You fall through a shaft for 2 floors!
  2721 | D:6      | Found a deep blue altar of Sif Muna.
  2794 | D:6      | Noticed an orc warrior
  2807 | D:6      | Killed an orc warrior
  2816 | D:6      | Reached XP level 7. HP: 55/62 MP: 8/8
  2972 | D:5      | Entered Level 5 of the Dungeon
  3040 | D:5      | Reached skill level 6 in Fighting
  3040 | D:5      | Reached skill level 5 in Armour
  3084 | D:4      | Found a staircase to the Ecumenical Temple.
  3094 | Temple   | Entered the Ecumenical Temple
  3357 | D:5      | Reached skill level 5 in Axes
  3822 | D:4      | Reached skill level 5 in Shields
  4064 | D:4      | Noticed Grinder
  4066 | D:4      | Paralysed by Grinder for 5 turns
  4079 | D:4      | Killed Grinder
  4560 | D:5      | Reached XP level 8. HP: 71/71 MP: 10/10
  4597 | D:5      | Gained mutation: You are agile. (Dex +2) [potion of beneficial mutation]
  4643 | D:5      | Found an oddly glowing altar of Pakellas.
  4644 | D:5      | Noticed a gargoyle
  5263 | D:6      | Found an oddly glowing altar of Pakellas.
  5349 | D:6      | Reached skill level 7 in Fighting
  5398 | D:6      | Found a sacrificial altar of Ru.
  5554 | D:7      | Found Zuregh's Assorted Antiques.
  5573 | D:7      | Found a white marble altar of Elyvilon.
  5729 | D:7      | Reached skill level 1 in Evocations
  5770 | D:7      | Found an iron altar of Okawaru.
  5793 | D:7      | Reached XP level 9. HP: 61/79 MP: 11/11
  5800 | D:7      | Became a worshipper of Warmaster Okawaru
  6196 | D:7      | Found Onluev's Antique Armour Shop.
  6206 | D:7      | Found Zeten's Antique Armour Shoppe.
  6208 | D:7      | Found Puluax's Antique Armour Shoppe.
  6324 | D:7      | Reached skill level 8 in Fighting
  6415 | D:7      | Found Yfauc's Distillery.
  6558 | D:7      | Bought a pair of spiked gloves for 190 gold pieces
  6563 | D:7      | Identified the cursed +0 pair of gloves of Card Tricks {rElec Dex+3} (You bought it in a shop on level 7 of the Dungeon)
  6694 | D:8      | Reached * piety under Okawaru
  6753 | D:8      | Reached skill level 5 in Dodging
  6955 | D:8      | Found a shadowy altar of Dithmenos.
  7010 | D:8      | Found a huge runed gate.
  7010 | D:8      | Found a huge runed gate.
  7010 | D:8      | Found a huge runed gate.
  7010 | D:8      | Found a huge runed gate.
  7010 | D:8      | Noticed a polar bear
  7010 | D:8      | Noticed a polar bear
  7010 | D:8      | Noticed a polar bear
  7010 | D:8      | Noticed a polar bear
  7010 | D:8      | Noticed a polar bear
  7010 | D:8      | Noticed a polar bear
  7011 | D:8      | Noticed a griffon
  7725 | D:9      | Reached skill level 9 in Fighting
  7844 | D:9      | Reached ** piety under Okawaru
  7933 | D:9      | Reached XP level 10. HP: 91/91 MP: 13/13
  8277 | D:10     | Entered Level 10 of the Dungeon
  8457 | D:10     | Found a staircase to the Orcish Mines.
  8488 | D:10     | Reached *** piety under Okawaru
  8949 | D:10     | Reached skill level 10 in Fighting
  9286 | D:11     | Killed an unseen horror
  9286 | D:11     | Reached **** piety under Okawaru
  9829 | D:11     | Noticed a green ugly thing
  9829 | D:11     | Noticed a hill giant
  9837 | D:11     | Killed a hill giant
  9839 | D:11     | Killed a green ugly thing
  9839 | D:11     | Reached XP level 11. HP: 95/101 MP: 14/16
 10012 | D:11     | Found a staircase to the Lair.
 10019 | D:11     | Reached skill level 10 in Axes
 10020 | D:11     | Reached ***** piety under Okawaru
 10435 | D:11     | Reached skill level 11 in Fighting
 10738 | Lair:1   | Entered Level 1 of the Lair of Beasts
 10821 | Lair:1   | Noticed an eight-headed hydra
 10837 | Lair:1   | Killed an eight-headed hydra
 10837 | Lair:1   | Received a gift from Okawaru
 11728 | Lair:1   | Received a gift from Okawaru
 11731 | Lair:1   | Got a spiked chain mail {god gift}
 11742 | Lair:1   | Identified the +2 chain mail of Protective Custody {rElec rN+ MR+ SInv} (Okawaru gifted it to you on level 1 of the Lair of Beasts)
 12786 | Lair:2   | Reached XP level 12. HP: 112/112 MP: 17/17
 12807 | Lair:2   | Reached skill level 12 in Fighting
 14414 | Lair:3   | Reached skill level 5 in Evocations
 14558 | Lair:3   | Found a shimmering altar of Xom.
 15432 | Lair:4   | Reached skill level 1 in Invocations
 15616 | Lair:4   | Reached skill level 5 in Spellcasting
 15736 | Lair:4   | Found a staircase to the Swamp.
 16168 | Lair:4   | Learned a level 2 spell: Passwall
 16605 | Lair:5   | Noticed a four-headed hydra
 16613 | Lair:5   | Killed a one-headed hydra
 16618 | Lair:5   | Received a gift from Okawaru
 16621 | Lair:5   | Reached skill level 13 in Fighting
 16762 | Lair:5   | Found a frozen archway.
 16796 | IceCv    | Entered an ice cave
 16994 | IceCv    | Reached XP level 13. HP: 28/122 MP: 19/19
 17510 | IceCv    | Reached skill level 10 in Shields
 17596 | IceCv    | Reached skill level 10 in Armour
 17872 | IceCv    | Noticed a frost giant
 17886 | IceCv    | Killed a frost giant
 17886 | IceCv    | Reached ****** piety under Okawaru
 17978 | IceCv    | Got a twisted glaive
 17990 | IceCv    | Got an ichor-stained great mace
 18318 | Lair:5   | Received a gift from Okawaru
 19166 | Lair:6   | Noticed Josephine
 19182 | Lair:6   | Killed Josephine
 19530 | Lair:6   | Identified a scroll of acquirement
 19670 | Lair:6   | Reached skill level 14 in Fighting
 19685 | Lair:6   | Found a hole to the Spider Nest.
 20598 | Lair:7   | Received a gift from Okawaru
 20625 | Lair:7   | Got a pair of shimmering boots {god gift}
 20636 | Lair:7   | Identified the +1 pair of boots "Kuysaigg" {rPois Int+4} (Okawaru gifted it to you on level 7 of the Lair of Beasts)
 20738 | Lair:7   | Gained mutation: You have sharp toenails. [potion of beneficial mutation]
 21091 | Lair:7   | Found a runed door.
 21091 | Lair:7   | Found a viscous altar of Jiyva.
 21094 | Lair:7   | Found a staircase to the Slime Pits.
 21448 | Lair:8   | Entered Level 8 of the Lair of Beasts
 21671 | Lair:8   | Noticed Snorg
 21686 | Lair:8   | Killed Snorg
 21686 | Lair:8   | Reached XP level 14. HP: 109/133 MP: 21/21
 22423 | Lair:8   | Identified the Collected Works on the Boosting Oath
 22651 | Lair:8   | Received a gift from Okawaru
 22962 | Lair:8   | Reached skill level 5 in Invocations
 23687 | Lair:8   | Reached skill level 15 in Fighting
 24186 | D:11     | Identified the cursed +1 great mace of Lowomur {flame, rElec rC- rN++ Int+2} (You found it in an ice cave)
 24470 | D:12     | Noticed Harold
 24483 | D:12     | Killed Harold
 25024 | D:13     | Received a gift from Okawaru
 25414 | D:13     | Got a fine cloak
 25434 | D:13     | Noticed Azrael
 25591 | D:13     | Killed from afar by a deep elf mage

Vault maps used:
D:1:      minmay_arrival_doors, nrook_loot_triangle, minmay_crystal_water
D:2:      bloody_trog
D:3:      first_bread
D:4:      tgw_fedhas, marbit_many_paths, minmay_temple_entry_from_below_a,
          serial_shops, nicolae_shop_temple_entry_statues_fountains,
          nicolae_shop_stone, uniq_blork_the_orc, uniq_grinder
D:5:      gammafunk_pakellas_spire_experiment
D:6:      lemuel_doored_altar, kennysheep_little_box,
          lemuel_coloured_pillars_altar
D:7:      overflow_temple_1_default, okawaru_humans, serial_shops,
          nicolae_shop_behind_doors, shop_fountains, nicolae_shop_trees,
          nicolae_shop_behind_doors, nicolae_shop_waterfront, grunt_livestock,
          kennysheep_small_spiral, hangedman_glass_teeth
D:8:      lemuel_bear_cage, grunt_dithmenos_smoke_and_mirrors, st_stairs_12
D:10:     kennysheep_orc_monster_closet_entryway
D:11:     erik_lair_orcish_takeover
D:12:     hex_large, uniq_harold
D:13:     david_vaults_4, uniq_azrael
Temple:   triangle_lava_temple_11
Lair:1:   hangedman_lair_unloving_vines, beast_lair_carwin_6
Lair:3:   basic_altar
Lair:4:   swamp_mist, serial_bayou_pond_c, infiniplex_staircase_pool
Lair:5:   portal_ice_cave_entry_ice_beasts, lemuel_fruit_tree
Lair:6:   spider_nest_entry_web_field, uniq_josephine
Lair:7:   slime_altar_2, grunt_megastairs_1
Lair:8:   due_jungle_book, serial_bayou_pond_c, uniq_snorg
IceCv:    ice_cave_small_giant

Skill      XL: |  1  2  3  4  5  6  7  8  9 10 11 12 13 14 |
---------------+-------------------------------------------+-----
Axes           | 3 4 5 7 8 9 11 12 13 14 | 14.5
Dodging        | 1 2 3 4 5 6 7 8 9 |  9.7
Fighting       | 4 5 6 7 9 10 11 13 14 15 | 15.5
Armour         | 4 5 6 7 9 10 11 | 11.4
Shields        | 4 5 6 7 8 9 10 11 | 11.5
Spellcasting   | 1 2 3 4 5 6 |  6.4
Evocations     | 1 2 3 4 5 |  5.0
Invocations    | 2 4 5 |  5.0

Action                   |  1- 3 |  4- 6 |  7- 9 | 10-12 | 13-15 || total
-------------------------+-------+-------+-------+-------+-------++-------
Melee: War axe           |   107 |   118 |   363 |   134 |       ||   722
       Broad axe         |       |       |       |   362 |   677 ||  1039
       Flail             |       |       |       |   296 |       ||   296
Invok: Heroism           |       |       |       |     1 |       ||     1
       Finesse           |       |       |       |       |     1 ||     1
 Abil: Evoke Berserk Rag |       |       |       |       |     1 ||     1
  Use: Scroll            |       |    11 |    14 |    12 |     9 ||    46
       Potion            |       |     1 |     1 |     6 |     7 ||    15
 Stab: Invisible         |       |       |       |    11 |       ||    11
  Eat: Chunk             |     3 |     3 |    16 |    24 |    12 ||    58
       Pizza             |       |       |     1 |       |       ||     1
       Beef jerky        |       |       |       |     1 |     5 ||     6
       Fruit             |       |       |       |     5 |    11 ||    16
